 Dungeon Crawl Stone Soup version 0.31-a0-152-g6aa68a64a1 (webtiles) character file.

Game seed: 9955621680691362603

1369 qw the Skirmisher (level 8, -6/62 (70) HPs)
             Began as a Minotaur Hunter on June 9, 2023.
             Mangled by a wight
             ... wielding a +5 mace of freezing
              (10 damage)
             ... on level 6 of the Dungeon.
             The game lasted 00:01:54 (5220 turns).

qw the Skirmisher (Minotaur Hunter)                 Turns: 5220, Time: 00:01:54

HP:   -6/62 (70)    AC:  9    Str: 17    XL:     8   Next: 38%
MP:   6/6           EV: 12    Int:  6    God:
Gold: 600           SH:  5    Dex: 15    Spells: 7/7 levels left

rFire   . . .        Y - +0 orcbow
rCold   . . .        (shield currently unavailable)
rNeg    . . .        g - +0 ring mail
rPois   +            (helmet restricted)
rElec   .            p - +1 cloak {Will+}
rCorr   .            j - +0 pair of gloves
SInv    .            (no boots)
Will    +....        l - amulet of reflection
Stlth   +            m - ring of poison resistance
HPRegen 0.30/turn    (no ring)
MPRegen 0.10/turn

%: reflection
@: heavily drained, unable to read
A: horns 2, retaliatory headbutt, fangs 1, low MP 1, inability to read after
injury 1, devolution 1
a: no special abilities


You were on level 6 of the Dungeon.
You visited 1 branch of the dungeon, and saw 6 of its levels.
You also visited: Sewer.

You collected 888 gold pieces.
You spent 288 gold pieces at shops.


Innate Abilities, Weirdness & Mutations

You have a pair of horns on your head.
You reflexively headbutt those who attack you in melee.
You have very sharp teeth.
Your magical capacity is low. (-10% MP)
You occasionally lose the ability to read scrolls when taking damage.
You have hidden genetic defects.


   Skills:
 - Level 6.2 Fighting
 + Level 9.7 Ranged Weapons
 - Level 4.3 Armour
 - Level 3.2 Dodging
 - Level 0.7 Stealth


You had 7 spell levels left.
You didn't know any spells.
Your spell library was empty.

Inventory:

Hand Weapons
 Y - a +0 orcbow (weapon)
Armour
 g - a +0 ring mail (worn)
 j - a +0 pair of gloves (worn)
 p - a +1 cloak of willpower (worn)
Jewellery
 l - an amulet of reflection (around neck)
 m - a ring of poison resistance (left hand)
Wands
 i - a wand of digging (4)
Scrolls
 a - a scroll of identify
Potions
 c - 3 potions of curing
 e - a potion of haste
 f - a potion of attraction {unknown}
 h - a potion of might {unknown}
 n - a potion of berserk rage {unknown}
 o - 2 potions of mutation
 q - 2 potions of heal wounds {unknown}

Dungeon Overview and Level Annotations

Branches:
Dungeon (6/15)              Sewer (visited)
 Temple: D:4-7

Altars:
Nemelex Xobeh

Shops:
D:5 *


Message History

The wight misses you.
You shoot an arrow. The arrow barely misses the wight.
The sleepcap closely misses you. The wight hits you with a +1 falchion.
You feel drained.
You shoot an arrow. The arrow hits the wight!
You destroy the wight!
Your surroundings suddenly seem different.
A black bear comes into view.
The black bear growls angrily.
Enter note:
Enter note:
5217 ||| READING scroll of teleportation.
As you read the scroll of teleportation, it crumbles to dust.
You feel strangely unstable.
You shoot an arrow. The arrow hits the black bear!
The black bear is moderately wounded.
The black bear bites you but does no damage.
The black bear claws you but does no damage.
You block the black bear's attack.
The black bear bites you but does no damage.
The black bear barely misses you.
The black bear claws you but does no damage.
You feel a genetic drift.
You occasionally lose the ability to read scrolls when taking damage.
You shoot an arrow. The arrow hits the black bear!
The black bear is heavily wounded.
Your surroundings suddenly seem different. 5 wights and a kobold come into view.
A wight is wielding a +5 mace of freezing.
The kobold is wielding a +0 short sword and quivering poisoned darts.
The kobold shouts!
You hear a shout!
The wight moves out of view.
Enter note:
Enter note: You shoot an arrow.
The arrow hits the wight but does no damage.
The wight hits you with a +0 morningstar.
You feel drained.
The wight hits you with a +5 mace of freezing!
You feel threatened and lose the ability to read scrolls!
You die...

#### ..# #.# #.#
######.##
.#...).)..
####.......f#.##
##..z......<#.#.#
#@z.# .... #.#.#
#....z..zz....
.....
..K.###...##.##
..... ## ##.##
##.#.## .# #.#.#
.# ##


You could see 5 wights and a kobold.

Vanquished Creatures
  Prince Ribbit (D:5)
  Sigmund (D:5)
  2 black bears
  A centaur (D:5)
  2 kobold brigands (Sewer)
  3 wights (D:6)
  A jelly (D:5)
  An orc priest (D:4)
  A hound (D:5)
  A sleepcap (D:5)
  An iguana (D:4)
  Ijyb (D:5)
  2 orc wizards (D:4)
  8 adders
  A white imp (D:5)
  3 ufetubi
  2 worms
  3 dart slugs
  18 orcs
  10 ball pythons
  7 endoplasms
  6 giant cockroaches
  5 goblins
  6 hobgoblins
  9 jackals
  14 kobolds
  4 quokkas
  3 bats
  2 frilled lizards
  6 rats
125 creatures vanquished.

Notes
Turn   | Place    | Note
-------+----------+-------------------------------------------
     0 | D:1      | qw the Minotaur Hunter began the quest for the Orb.
     0 | D:1      | Reached XP level 1. HP: 18/18 MP: 0/0
     0 | D:1      | 0 ||| qw: Version: 0.2-a-122-gbc61b45
     0 | D:1      | 0 ||| qw: Game counter: 3397
     0 | D:1      | 0 ||| qw: Always use a shield: true
     0 | D:1      | 0 ||| qw: God list: Okawaru
     0 | D:1      | 0 ||| qw: Allow faded altars: false
     0 | D:1      | 0 ||| qw: Do Orc after D:15 true
     0 | D:1      | 0 ||| qw: Do second Lair branch before Depths: true
     0 | D:1      | 0 ||| qw: Lair rune preference: random
     0 | D:1      | 0 ||| qw: Plans: Normal
     0 | D:1      | 0 ||| PLANNING D:1-11
   102 | D:1      | Reached XP level 2. HP: 25/25 MP: 1/1
   130 | D:1      | Reached skill level 5 in Ranged Weapons
   267 | D:1      | Reached skill level 3 in Fighting
   677 | D:1      | 677 ||| DROPPING +6 ring of intelligence.
   678 | D:1      | 678 ||| READING scroll labelled PYONAPP LIAMIA.
   679 | D:1      | 679 ||| READING scroll labelled BIOGEDEANI.
   680 | D:1      | 680 ||| READING scroll labelled TUGGIENUDE.
   683 | D:1      | 683 ||| DROPPING scroll of butterflies.
   719 | D:2      | Found a faded altar of an unknown god.
   857 | D:2      | Reached XP level 3. HP: 24/31 MP: 2/2
  1637 | D:2      | 1637 ||| UPGRADING to +0 ring mail.
  1647 | D:2      | 1647 ||| DROPPING +0 leather armour.
  1648 | D:2      | 1648 ||| UPGRADING to amulet of guardian spirit.
  1653 | D:2      | 1653 ||| READING scroll labelled GOETIP GAFU.
  1654 | D:2      | 1654 ||| DRINKING 3 bubbling inky potions.
  1695 | D:2      | 1695 ||| DROPPING 2 potions of lignification.
  1710 | D:3      | 1710 ||| STAIRDANCE
  1717 | D:2      | Reached XP level 4. HP: 16/38 MP: 3/3
  1804 | D:3      | Reached skill level 1 in Armour
  1804 | D:3      | 1804 ||| STAIRDANCE
  1839 | D:3      | 1839 ||| STAIRDANCE
  1908 | D:3      | 1908 ||| STAIRDANCE
  1930 | D:3      | 1930 ||| STAIRDANCE
  1948 | D:3      | Reached skill level 6 in Ranged Weapons
  2445 | D:3      | 2445 ||| READING scroll labelled QYDAL BIDAKH.
  2446 | D:3      | 2446 ||| READING 3 scrolls labelled GAC HEUTHO QERR.
  2447 | D:3      | 2447 ||| READING 2 scrolls of enchant weapon.
  2447 | D:3      | 2447 ||| ENCHANTING +1 shortbow.
  2448 | D:3      | 2448 ||| READING scroll of enchant weapon.
  2448 | D:3      | 2448 ||| ENCHANTING +2 shortbow.
  2449 | D:3      | 2449 ||| DRINKING 2 pink potions.
  2477 | D:4      | 2477 ||| STAIRDANCE
  2534 | D:4      | Reached XP level 5. HP: 38/46 MP: 2/4
  2534 | D:4      | 2534 ||| STAIRDANCE
  2564 | D:4      | 2564 ||| DRINKING potion of curing.
  2564 | D:4      | 2564 ||| (to cure confusion)
  2620 | D:4      | Noticed a black bear
  2627 | D:4      | Killed a black bear
  2628 | D:4      | Reached skill level 7 in Ranged Weapons
  2628 | D:4      | Reached XP level 6. HP: 25/52 MP: 2/5
  3293 | D:4      | 3293 ||| UPGRADING to +0 cloak.
  3298 | D:4      | 3298 ||| UPGRADING to +0 pair of gloves.
  3303 | D:4      | 3303 ||| UPGRADING to amulet of reflection.
  3313 | D:4      | 3313 ||| DROPPING amulet of guardian spirit.
  3314 | D:4      | 3314 ||| READING scroll labelled QOHUCS JOUMUNN.
  3339 | D:5      | Entered Level 5 of the Dungeon
  3345 | D:5      | Found a sparkling altar of Nemelex Xobeh.
  3456 | D:5      | Noticed Prince Ribbit
  3475 | D:5      | Killed Prince Ribbit
  3476 | D:5      | Reached XP level 7. HP: 58/59 MP: 6/6
  3571 | D:5      | Reached skill level 8 in Ranged Weapons
  3736 | D:5      | Noticed Ijyb
  3742 | D:5      | Killed Ijyb
  4026 | D:5      | Found Tasu's Assorted Antiques.
  4034 | D:5      | 4034 ||| BUYING black potion (25 gold).
  4034 | D:5      | Bought a black potion for 25 gold pieces
  4034 | D:5      | 4034 ||| BUYING murky clear potion (25 gold).
  4034 | D:5      | Bought a murky clear potion for 25 gold pieces
  4034 | D:5      | 4034 ||| BUYING runed cloak (210 gold).
  4034 | D:5      | Bought a runed cloak for 210 gold pieces
  4034 | D:5      | 4034 ||| BUYING scroll labelled ZUUD MYMNAUPH (28 gold).
  4034 | D:5      | Bought a scroll labelled ZUUD MYMNAUPH for 28 gold pieces
  4034 | D:5      | 4034 ||| SHOPLISTING scroll of identify (56 gold, have 30).
  4034 | D:5      | 4034 ||| SHOPLISTING scroll of teleportation (84 gold, have
                  | 30).
  4099 | D:5      | Noticed Sigmund
  4117 | D:5      | Killed Sigmund
  4118 | D:5      | Reached skill level 9 in Ranged Weapons
  4262 | D:5      | 4262 ||| SWAPPING to +0 orcbow.
  4263 | D:5      | 4263 ||| DROPPING +3 shortbow.
  4392 | D:5      | Reached skill level 3 in Dodging
  4392 | D:5      | Reached XP level 8. HP: 60/68 MP: 7/7
  4525 | D:5      | 4525 ||| UPGRADING to +1 cloak of willpower.
  4535 | D:5      | 4535 ||| DROPPING +0 cloak.
  4536 | D:5      | 4536 ||| UPGRADING to ring of poison resistance.
  4537 | D:5      | 4537 ||| READING scroll labelled ZUUD MYMNAUPH.
  4537 | D:5      | 4537 ||| ACQUIRING 563 gold pieces
  4537 | D:5      | Acquired 563 gold pieces
  4539 | D:5      | 4539 ||| READING scroll labelled WIGIUH NORRYNK.
  4540 | D:5      | 4540 ||| DRINKING 2 sedimented dark potions.
  4541 | D:5      | 4541 ||| DRINKING 2 murky clear potions.
  4541 | D:5      | Gained mutation: You have hidden genetic defects. [potion
                  | of mutation]
  4541 | D:5      | Gained mutation: You have very sharp teeth. [potion of
                  | mutation]
  4541 | D:5      | Gained mutation: Your magical capacity is low. (-10% MP)
                  | [potion of mutation]
  4542 | D:5      | 4542 ||| READING 2 scrolls of identify.
  4542 | D:5      | 4542 ||| IDENTIFYING emerald potion
  4543 | D:5      | 4543 ||| DROPPING potion of brilliance.
  4544 | D:5      | 4544 ||| DROPPING potion of invisibility.
  4568 | D:6      | 4568 ||| PLANNING SEWER
  4620 | D:6      | Found a glowing drain.
  4627 | Sewer    | Entered a sewer
  4798 | Sewer    | 4798 ||| Stepping ~*~*~tactically~*~*~ (water).
  4886 | Sewer    | Reached skill level 6 in Fighting
  4903 | Sewer    | 4903 ||| READING scroll labelled AJOOLI SEGURI.
  5004 | Sewer    | 5004 ||| DRINKING 2 bubbling puce potions.
  5005 | Sewer    | 5005 ||| DRINKING 2 brown potions.
  5006 | Sewer    | 5006 ||| DROPPING potion of magic.
  5021 | D:6      | 5021 ||| PLANNING D:1-11
  5211 | D:6      | HP: 15/66 [wight/+1 falchion (11)]
  5212 | D:6      | 5212 ||| READING 2 scrolls of teleportation.
  5212 | D:6      | HP: 6/63 [sleepcap (4)]
  5217 | D:6      | 5217 ||| READING scroll of teleportation.
  5218 | D:6      | Gained mutation: You occasionally lose the ability to read
                  | scrolls when taking damage. [hidden defects]
  5220 | D:6      | HP: 4/63 [wight/+0 morningstar (1)]
  5220 | D:6      | Mangled by a wight

Levels and vault maps discovered:
D:1:      tarquinn_simple_flora_water_d, layout_loops_ring, solitary_fountain
D:2:      layout_basic, ebering_ecumenical_altar_rust
D:3:      layout_loops_cross
D:4:      layout_loops_ring, minmay_cut_off
D:5:      layout_loops_corners, amcnicky_altar_gilded, serial_shops,
          shop_fountains, kennysheep_boxes, uniq_ijyb, uniq_sigmund,
          uniq_prince_ribbit1
D:6:      layout_loops_ring, mainiacjoe_overflow_tiny_flanked,
          cheibrodos_sewer_entry_drain

Skill      XL: |  1  2  3  4  5  6  7  8 |
---------------+-------------------------+-----
Ranged Weapons | 5 6 7 9 |  9.7
Fighting       | 3 4 5 6 |  6.2
Armour         | 1 4 |  4.3
Dodging        | 3 |  3.2
Stealth        | |  0.7

Action                     |  1- 3 |  4- 6 |  7- 9 || total
---------------------------+-------+-------+-------++-------
   Fire: Shortbow          |    90 |   119 |    83 ||   292
         Orcbow            |       |       |   100 ||   100
    Use: Scroll            |     4 |     5 |     6 ||    15
         Potion            |     1 |     2 |     4 ||     7
 Armour: Leather armour    |     3 |       |       ||     3
         Ring mail         |     3 |    19 |    45 ||    67
  Dodge: Dodged            |    18 |    33 |    59 ||   110
  Block: Other             |       |     1 |    24 ||    25
         Reflection        |       |       |     2 ||     2

Table legend:
 A = Non-vault XP
 B = Vault XP
 C = Vault XP percentage of total XP
 D = Non-vault monster count
 E = Vault monster count
 F = Vault count percentage of total count
                 A         B        C        D         E       F
            +---------+---------+-------+---------+---------+-------
      Total |    1205 |     752 |  38.4 |     100 |      25 |  20.0
            +---------+---------+-------+---------+---------+-------
        D:1 |      33 |       0 |   0.0 |      18 |       0 |   0.0
        D:2 |      73 |       0 |   0.0 |      22 |       0 |   0.0
        D:3 |      32 |       0 |   0.0 |      13 |       0 |   0.0
        D:4 |     366 |       3 |   0.8 |      28 |       1 |   3.4
        D:5 |     461 |     526 |  53.3 |      15 |       3 |  16.7
        D:6 |     240 |       4 |   1.6 |       4 |       3 |  42.9
      Sewer |       0 |     219 | 100.0 |       0 |      18 | 100.0
            +---------+---------+-------+---------+---------+-------
